Map: Ever Dream LE

Players

HeroMarine

  • Race: Terran Terran
  • Spawn Location: 1:00

uwuThermal (uThermal) - Winner!

  • Race: Terran Terran
  • League: Grandmaster
  • Spawn Location: 7:00

Event: DreamHack SC2 Masters 2020 Fall

VOD

Have the link to the VOD?

Description

Time

  • Played on: Aug. 30, 2020, 2:35 p.m.
  • Length: 9:22

All games in this series

Show
View Real Time Build Order
Export as new Build Order

HeroMarine Terran 

Build Orders: Reaper Expand 

Get SALT Encoding   

  12  0:00  SCV  
  13  0:12  SCV  
  14  0:17  Supply Depot  
  14  0:24  SCV  
  15  0:38  SCV  
  15  0:40  Barracks  
  16  0:43  Refinery  
  16  0:50  SCV  
  17  1:02  SCV  
  18  1:14  SCV  
  19  1:27  Orbital Command, Reaper  
  20  1:45  Command Center  
  20  1:51  Supply Depot  
  20  1:52  SCV  
  21  1:58  Marine  
  22  2:05  SCV  
  23  2:11  Factory  
  23  2:16  Marine  
  23  2:17  SCV  
  23  2:21  Refinery  
  25  2:29  SCV  
  27  2:40  Barracks Reactor  
  27  2:41  SCV  
  27  2:53  SCV  
  27  2:55  Hellion  
  27  2:56  Starport  
  30  2:58  Orbital Command  
  30  3:05  SCV  
  31  3:17  Factory Tech Lab, SCV  
  34  3:26  Command Center, SCV  
  33  3:29  SCV  
  33  3:33  Marine x2  
  36  3:35  Starport Tech Lab  
  36  3:38  SCV  
  37  3:41  SCV  
  37  3:48  Cyclone  
  41  3:49  Supply Depot  
  41  3:50  SCV  
  41  3:53  SCV  
  43  3:56  Raven  
  43  3:59  Supply Depot  
  46  4:04  SCV  
  46  4:10  SCV, Marine x2  
  46  4:16  SCV  
  50  4:20  Siege Tank  
  50  4:22  SCV  
  54  4:28  SCV  
  55  4:31  Barracks  
  55  4:34  SCV, Refinery  
  55  4:36  Barracks  
  55  4:37  Refinery  
  56  4:38  Orbital Command  
  56  4:40  SCV  
  56  4:44  Marine  
  58  4:46  Starport Reactor  
  58  4:47  Stimpack, SCV  
  58  4:52  SCV  
  60  4:55  Engineering Bay  
  60  4:56  Engineering Bay  
  60  4:59  SCV  
  61  5:02  Marine  
  61  5:04  SCV  
  61  5:05  Siege Tank  
  61  5:06  SCV  
  67  5:11  SCV, Supply Depot  
  68  5:16  SCV  
  68  5:18  SCV  
  68  5:20  Marine x2  
  68  5:21  Marine  
  73  5:23  SCV, Terran Infantry Weapons Level 1  
  73  5:26  Orbital Command  
  74  5:29  Terran Infantry Armor Level 1  
  74  5:30  Supply Depot  
  74  5:31  Starport Reactor  
  74  5:32  Marine x2  
  78  5:37  Marine  
  78  5:40  SCV  
  78  5:41  SCV  
  79  5:44  Marine  
  79  5:45  Barracks, Supply Depot  
  79  5:46  Barracks, Marine  
  79  5:49  Siege Tank  
  84  5:55  SCV x3  
  87  6:02  Supply Depot x2  
  87  6:07  SCV x3  
  87  6:08  Marine x4  
  87  6:10  Marine  
  95  6:17  Medivac x2  
  99  6:20  SCV  
  99  6:23  SCV  
  99  6:24  SCV  
  102  6:27  Combat Shield, Siege Tank  
  102  6:28  Marine  
  102  6:32  SCV  
  106  6:34  Barracks Reactor x2  
  106  6:36  SCV  
  106  6:37  SCV, Refinery  
  106  6:38  Refinery  
  107  6:40  Supply Depot x2  
  107  6:43  Marine x3  
  107  6:45  Marine  
  107  6:46  SCV, Marine  
  113  6:48  SCV  
  113  6:49  SCV  
  114  6:58  SCV  
  114  7:00  SCV, Marine  
  114  7:01  Medivac x2, SCV, Marine x2  
  117  7:02  Supply Depot, Marine  
  117  7:04  Siege Tank  
  126  7:08  Supply Depot  
  126  7:10  Armory  
  126  7:12  Marine x5  
  131  7:18  Marine x2  
  131  7:19  Supply Depot  
  133  7:24  Marine  
  133  7:25  Marine  
  135  7:30  Marine x3  
  135  7:36  Factory  
  138  7:37  Medivac x2  
  138  7:41  Command Center  
  142  7:47  Marine x3  
  142  7:48  Marine x2  
  142  7:49  Marine x3  
  149  7:54  Siege Tank  
  152  8:01  Sensor Tower  
  152  8:02  Barracks Reactor  
  152  8:05  Marine x3  
  152  8:11  Marine x3  
  156  8:13  Marine  
  156  8:17  Marine  
  156  8:19  SCV x2  
  155  8:23  Marine x3  
  155  8:26  Siege Tank  
  153  8:29  Marine x3  
  153  8:31  Marine  
  146  8:34  Marine  
  146  8:38  SCV x2  
  146  8:39  Marine x2  
  146  8:41  Marine x3  
  118  8:43  Orbital Command  
  118  8:46  Marine  
  118  8:47  Marine  
  111  8:48  Marine  
  111  8:50  SCV  
  111  8:51  SCV  
  87  8:57  Marine x2  
  87  8:58  Marine  
  87  8:59  Marine x2  
  87  9:03  SCV x2  
Show
View Real Time Build Order
Export as new Build Order

uwuThermal Terran - Winner!

Build Orders: Reaper Expand 

Get SALT Encoding   

  12  0:00  SCV  
  13  0:12  SCV  
  14  0:16  Supply Depot  
  14  0:24  SCV  
  15  0:38  Barracks, SCV  
  16  0:44  Refinery  
  16  0:50  SCV  
  17  1:02  SCV  
  18  1:14  SCV  
  19  1:26  Orbital Command, Reaper  
  20  1:42  Command Center  
  20  1:51  Supply Depot  
  20  1:53  SCV  
  21  1:58  Marine  
  22  2:05  SCV  
  23  2:09  Factory  
  23  2:19  Bunker, SCV  
  23  2:22  Barracks Reactor  
  24  2:31  SCV  
  24  2:36  Refinery  
  25  2:43  SCV  
  25  2:53  Orbital Command, Hellion  
  25  2:55  SCV  
  25  2:58  Starport  
  28  2:59  Marine  
  28  3:01  Marine  
  30  3:08  SCV  
  31  3:15  Factory Tech Lab  
  31  3:17  Marine  
  31  3:19  SCV, Marine  
  34  3:20  SCV  
  35  3:31  SCV  
  35  3:32  SCV  
  37  3:34  Cyclone, Supply Depot  
  37  3:35  Starport Tech Lab  
  37  3:36  Marine  
  37  3:39  Marine  
  42  3:43  SCV  
  42  3:44  SCV  
  44  3:54  Marine  
  45  3:56  SCV x2, Supply Depot, Marine  
  48  4:03  Raven  
  48  4:08  SCV x2  
  52  4:12  Marine  
  52  4:14  Marine  
  54  4:19  Command Center  
  54  4:20  SCV  
  54  4:21  SCV  
  56  4:27  Siege Tank  
  56  4:29  Supply Depot  
  56  4:30  Marine  
  60  4:32  Marine  
  60  4:33  SCV  
  62  4:40  Refinery  
  62  4:41  Refinery  
  62  4:45  Supply Depot  
  62  4:50  SCV x2  
  64  4:56  Starport Reactor  
  64  4:57  Barracks x2  
  64  5:00  Siege Tank  
  64  5:02  SCV x2  
  64  5:04  Marine  
  70  5:10  Supply Depot  
  70  5:13  Stimpack  
  70  5:14  SCV x2  
  72  5:21  Supply Depot  
  72  5:22  Marine  
  72  5:27  SCV x2  
  75  5:32  Engineering Bay  
  75  5:33  Orbital Command  
  75  5:34  Engineering Bay  
  75  5:40  Siege Tank, Marine  
  75  5:41  Starport Reactor  
  79  5:43  SCV  
  79  5:44  SCV  
  79  5:46  Marine  
  79  5:47  Marine  
  83  5:54  Marine x2  
  83  5:55  SCV  
  86  5:58  Supply Depot, Marine  
  86  6:01  Terran Infantry Armor Level 1, Terran Infantry Weapons Level 1  
  86  6:02  SCV  
  88  6:09  Marine x2  
  90  6:13  Siege Tank  
  90  6:14  SCV  
  90  6:16  Supply Depot  
  94  6:18  Orbital Command, SCV  
  94  6:19  Medivac x2  
  94  6:24  Marine  
  100  6:26  Marine x2  
  100  6:31  SCV  
  103  6:33  Barracks  
  103  6:34  Barracks  
  103  6:37  Marine  
  103  6:38  Marine  
  105  6:44  SCV x2  
  105  6:45  Siege Tank, SCV  
  111  6:50  Marine  
  111  6:51  Medivac, Supply Depot  
  111  6:53  Combat Shield  
  114  6:54  Marine  
  114  6:55  Marine  
  114  6:56  SCV x2  
  114  7:00  Medivac  
  120  7:01  Marine x2  
  120  7:02  SCV  
  120  7:04  Supply Depot  
  120  7:08  Marine  
  122  7:10  SCV  
  122  7:12  Refinery x2  
  123  7:15  SCV  
  123  7:17  Siege Tank, Marine  
  123  7:18  Armory  
  128  7:23  Marine x2  
  128  7:27  Marine x2  
  128  7:29  Medivac  
  134  7:32  SCV  
  134  7:33  SCV  
  134  7:34  Marine x2  
  134  7:37  Marine  
  138  7:40  Marine  
  138  7:42  Marine  
  139  7:44  Marine  
  139  7:47  Medivac  
  140  7:57  Supply Depot, Marine  
  140  7:58  Supply Depot, Marine, Barracks Reactor x2  
  141  8:03  Supply Depot  
  141  8:04  Supply Depot  
  141  8:07  Supply Depot  
  141  8:08  Marine  
  141  8:09  Marine  
  141  8:10  Medivac, Marine  
  141  8:15  Marine  
  141  8:16  Marine  
  141  8:17  Medivac  
  138  8:26  Marine  
  139  8:27  Siege Tank, Marine  
  139  8:28  Marine  
  139  8:33  Marine  
  139  8:34  Marine  
  145  8:35  Marine  
  145  8:37  Marine  
  145  8:38  Marine  
  145  8:39  Marine  
  145  8:40  Medivac  
  136  8:44  Marine  
  136  8:45  Marine  
  136  8:46  Marine  
  128  8:50  Medivac  
  128  8:51  Marine x2  
  128  8:53  Marine  
  128  8:55  Marine  
  119  8:56  Marine x2  
  119  9:02  Marine x2  
  113  9:04  Marine  
  120  9:12  Sensor Tower  
  120  9:13  Sensor Tower  
  120  9:17  Factory  

Tags
 
Add a new tag
Caveats
  • Supply blocks, unpowered buildings, or Contaminate may cause inaccurate times.
  • Supply counts are checked every 10 seconds.